 Dungeon Sprint DCSS version 0.30-a0-210-g01b79a254e (webtiles) character file.

Game seed: 18433714101480355287

515 wilfster70 the Basher (level 7, -2/50 HPs)
             Began as a Gargoyle Fighter on Oct 4, 2022.
             Was an Initiate of Gozag.
             Slain by a gargoyle
             ... wielding a +0 morningstar
              (18 damage)
             ... in the Dungeon (Sprint IX: "|||||||||||||||||||||||||||||").
             The game lasted 00:01:44 (264 turns).

wilfster70 the Basher (Gargoyle Fighter)             Turns: 264, Time: 00:01:45

Health: -2/50      AC: 23    Str: 22    XL:     7   Next: 20%
Magic:  7/7        EV:  6    Int:  8    God:    Gozag
Gold:   0          SH:  5    Dex: 12    Spells: 6/6 levels left

rFire   . . .      SeeInvis .    a - +0 flail
rCold   . . .      Faith    .    c - +0 buckler
rNeg    + . .      Spirit   .    p - +0 plate armour
rPois   ∞          Reflect  .    (no helmet)
rElec   +          Harm     .    o - +0 cloak
rCorr   .          Rampage  .    n - +0 pair of gloves
Will    .....      NoTele   +    (no boots)
Stlth   ..........               (no amulet)
HPRegen 0.28/turn                b - +2 ring of protection
MPRegen 0.10/turn                q - +3 ring of dexterity

@: mighty, gold aura
A: sickness immunity, AC +4, negative energy resistance 1, electricity
resistance, torment resistance 1, petrification resistance
a: Renounce Religion, Potion Petition, Call Merchant, Bribe Branch


You were in the Dungeon.
You worshipped Gozag.
Gozag was noncommittal.
You visited 1 branch

Inventory:

Hand Weapons
 a - a +0 flail (weapon)
 m - a +2 scimitar of flaming
Armour
 c - a +0 buckler (worn)
 n - a +0 pair of gloves (worn)
 o - a +0 cloak (worn)
 p - a +0 plate armour (worn)
Jewellery
 b - a +2 ring of protection (left hand)
 q - a +3 ring of dexterity (right hand)
Wands
 l - a wand of roots (10)
Scrolls
 j - 2 scrolls of blinking
 k - 2 scrolls of amnesia
Potions
 e - 5 potions of curing
 f - 2 potions of heal wounds
 g - a potion of haste
 h - 4 potions of magic
 i - a potion of invisibility


   Skills:
 + Level 8.8 Fighting
 * Level 10.7 Maces & Flails
 + Level 8.8 Armour
 - Level 4.0 Shields


You had 6 spell levels left.
You didn't know any spells.
Your spell library was empty.

Dungeon Overview and Level Annotations

Branches:
Dungeon (1/1)

Altars:
Cheibriados
Dithmenos
Elyvilon
Fedhas
Gozag
Hepliaklqana
Kikubaaqudgha
Makhleb
Nemelex Xobeh
Okawaru
Qazlal
Ru
Sif Muna
Trog
Uskayaw
Vehumet
Wu Jian
Xom
Yredelemnul
Zin
The Shining One
Jiyva
Lugonu


Innate Abilities, Weirdness & Mutations

You are immune to sickness and miasma.
Your stone body is resilient. (AC +4)
You are immune to poison.
You resist negative energy. (rN+)
You are resistant to electric shocks. (rElec)
You are resistant to unholy torment.
You are immune to petrification.


Message History

The centaur kicks you but does no damage.
You sock the centaur!
The centaur is severely wounded.
The centaur barely misses you.
The centaur kicks you but does no damage.
You block the centaur's attack.
The centaur kicks you but does no damage.
You thump the centaur!
You kill the centaur!
You have reached level 7!
The wight hits you but does no damage.
The gargoyle is distracted by your dazzling golden aura.
Things that are here:
135 gold pieces; a +0 shortbow You sock the wight!
The wight is heavily damaged.
The wight hits you but does no damage.
You closely miss the wight.
The wight is heavily damaged.
The orc priest is distracted by your dazzling golden aura.
The wight hits you but does no damage.
The orc priest shouts!
You hit the wight but do no damage.
The wight is heavily damaged.
The gargoyle is no longer distracted by gold.
The wight hits you but does no damage.
You hit the wight.
The wight is severely damaged.
The wight completely misses you.
You sock the wight!
You destroy the wight!
You hit the gargoyle but do no damage.
You are no longer corroded.
The orc priest is no longer distracted by gold.
The gargoyle hits you with a +0 morningstar!
You sock the gargoyle!
The gargoyle is heavily damaged.
The gargoyle hits you with a +0 morningstar!!
You die...
Your body crumbles into a pile of gold. ▓▓▓▓▓▓▓▓▓▓▓▓▓▓▓▓▓▓▓▓▓▓▓ +...o9@$..[...)..'_____ ▓▓▓▓▓▓▓▓▓▓▓▓▓▓▓▓▓▓▓▓▓▓▓ $ $$$$$ $ $ $ $$$$$ $$$$

You could see a gargoyle and an orc priest.

Vanquished Creatures
  A yak (D)
  An acid dragon (D)
  A centaur (D)
  A scorpion (D)
  A wight (D)
  A hound (D)
  An iguana (D)
  A dart slug (D)
  An orc (D)
  2 ball pythons (D)
  An endoplasm (D)
  A quokka (D)
  A frilled lizard (D)
14 creatures vanquished.

Notes
Turn   | Place    | Note
-------+----------+-------------------------------------------
     0 | D        | wilfster70 the Gargoyle Fighter began the quest for the
                  | Orb.
     0 | D        | Reached XP level 1. HP: 14/14 MP: 1/1
    26 | D        | Noticed an iguana
    26 | D        | Noticed a scorpion
    26 | D        | Noticed a hound
    34 | D        | Killed a hound
    35 | D        | Reached skill level 4 in Maces & Flails
    35 | D        | Reached XP level 2. HP: 12/20 MP: 2/2
    35 | D        | Reached XP level 3. HP: 14/24 MP: 3/3
    37 | D        | Killed a scorpion
    38 | D        | Reached skill level 5 in Fighting
    38 | D        | Reached skill level 6 in Maces & Flails
    38 | D        | Reached skill level 5 in Armour
    38 | D        | Reached XP level 4. HP: 10/32 MP: 4/4
    45 | D        | Reached XP level 5. HP: 2/36 MP: 5/5
    46 | D        | Reached skill level 7 in Maces & Flails
   162 | D        | Found a snail-covered altar of Cheibriados.
   162 | D        | Found a shadowy altar of Dithmenos.
   162 | D        | Found a white marble altar of Elyvilon.
   162 | D        | Found a blossoming altar of Fedhas.
   162 | D        | Found an opulent altar of Gozag.
   163 | D        | Found a hazy altar of Hepliaklqana.
   164 | D        | Found a viscous altar of Jiyva.
   165 | D        | Found an ancient bone altar of Kikubaaqudgha.
   166 | D        | Found a corrupted altar of Lugonu.
   167 | D        | Found a burning altar of Makhleb.
   168 | D        | Found a sparkling altar of Nemelex Xobeh.
   169 | D        | Found an iron altar of Okawaru.
   170 | D        | Became a worshipper of Gozag Ym Sagoz the Greedy
   171 | D        | Found a stormy altar of Qazlal.
   172 | D        | Found a sacrificial altar of Ru.
   173 | D        | Found a shimmering blue altar of Sif Muna.
   174 | D        | Found a bloodstained altar of Trog.
   175 | D        | Found a hide-covered altar of Uskayaw.
   176 | D        | Found a radiant altar of Vehumet.
   177 | D        | Found an ornate altar of the Wu Jian Council.
   178 | D        | Found a shimmering altar of Xom.
   179 | D        | Found a basalt altar of Yredelemnul.
   180 | D        | Found a glowing silver altar of Zin.
   181 | D        | Found a glowing golden altar of the Shining One.
   234 | D        | Noticed a gargoyle
   234 | D        | Noticed a centaur
   234 | D        | Noticed an acid dragon
   234 | D        | Noticed a yak
   246 | D        | Killed a yak
   247 | D        | Reached skill level 9 in Maces & Flails
   247 | D        | Reached XP level 6. HP: 15/44 MP: 6/6
   252 | D        | Killed an acid dragon
   253 | D        | Reached skill level 10 in Maces & Flails
   257 | D        | Reached XP level 7. HP: 25/50 MP: 7/7
   264 | D        | Slain by a gargoyle

Illustrated notes

Levels and vault maps discovered:
D:        linesprint [early_d, line_temple, items_1, d_10, items_2, lair_1,
          lair_end, items_3, orc_1, orc_end, items_4, d_15, swamp_1, shoals_1,
          snake_1, spider_1, d_20, vaults_1, items_5, swamp_end, shoals_end,
          snake_end, spider_end, vaults_end, d_27, items_6, zot_1, zot_end,
          crypt_end, forest_end, elf_end, slime_end, tomb_end, abyss_end,
          pan_hell_end]

Skill      XL: |  1  2  3  4  5  6 |
---------------+-------------------+-----
Fighting       | 4 5 6 7 8 |  8.8
Maces & Flails | 4 6 9 10 | 10.7
Armour         | 4 5 6 7 8 |  8.8
Shields        | 4 |  4.0

Action                   |  1- 3 |  4- 6 |  7- 9 || total
-------------------------+-------+-------+-------++-------
Melee: Flail             |    26 |    26 |     7 ||    59
  Use: Potion            |     1 |     2 |       ||     3
Armor: Scale mail        |     8 |     1 |       ||     9
       Plate armour      |       |    20 |     4 ||    24
Dodge: Dodged            |    12 |     5 |     1 ||    18
Block: Buckler           |     6 |     4 |       ||    10

Table legend: (Time is in decaauts)
 A = Elapsed time spent in this place.
 B = Non-inter-level travel time spent in this place.
 C = Inter-level travel time spent in this place.
 D = Time resting spent in this place.
 E = Time spent auto-exploring this place.
 F = Levels seen in this place.
 G = Mean time per level.
                   A        B        C        D        E       F      G
               +--------+--------+--------+--------+--------+-----+--------+
         Total |    282 |    282 |      0 |    124 |      0 |   1 |  282.0 |
       Dungeon |    282 |    282 |      0 |    124 |      0 |   1 |  282.0 |
               +--------+--------+--------+--------+--------+-----+--------+

Top non-repeatable levels by time:
       D: 282 daAuts
